 Dungeon Crawl Stone Soup version 0.16-a0-670-g3b10be2 (webtiles) character file.

10879 MRaven the Grappler (level 11, -2/99 HPs)
             Began as a Troll Chaos Knight on Sept 18, 2014.
             Was a Plaything of Xom.
             Slain by an eight-headed hydra (8 damage)
             ... on Level 11 of the Dungeon on Sept 19, 2014.
             The game lasted 00:43:24 (10267 turns).

MRaven the Grappler (Troll Chaos Knight)           Turns: 10267, Time: 00:43:25

HP  -2/99        AC  8     Str 25      XL: 11   Next: 42%
MP   4/4         EV 13     Int 10      God: Xom
Gold 784         SH  0     Dex 12      Spells:  1 memorised,  8 levels left

rFire  . . .     SeeInvis .       - Unarmed
rCold  . . .     Clarity  .     v - +2 steam dragon armour
rNeg   . . .     rCorr    .     (shield restricted)
rPois  .         rRot     .     (helmet restricted)
rElec  .         Spirit   .     d - +0 cloak
SustAb .         Warding  .     (gloves unavailable)
rMut   .         Stasis   .     (boots unavailable)
Gourm  +                        (no amulet)
MR     .....                    j - +3 ring of strength
                                f - ring of flight

@: not resistant to hostile enchantments, unstealthy
A: unfitting armour, claws 3, horns 1, camouflage 1, blurry vision 1, clever 1,
deformed body, fast metabolism 3, frail 1, gourmand, regeneration 2, saprovore
2, shaggy fur 1, tough skin 2
a: Renounce Religion, Evoke Flight


You were on level 11 of the Dungeon.
You worshipped Xom.
You were a special plaything of Xom.
You were not hungry.

You visited 1 branch of the dungeon, and saw 11 of its levels.

You collected 784 gold pieces.

Inventory:

Armour
 d - a +0 cloak (worn)
 v - a +2 steam dragon armour (worn)
 w - a +2 robe of fire resistance
Magical devices
 g - a wand of fire (0)
 u - a wand of teleportation (0)
Comestibles
 a - 3 meat rations
 k - 8 bread rations
 p - a beef jerky
Scrolls
 e - 5 scrolls of remove curse
 h - a scroll of teleportation
 m - 3 scrolls of fog
 q - 2 scrolls of enchant armour
 t - 4 scrolls of identify
Jewellery
 f - a ring of flight (left claw)
 j - a +3 ring of strength (right claw)
Potions
 c - a potion of heal wounds
 l - a potion of porridge
 n - a potion of magic
 s - 5 potions of curing
Books
 b - a book of Minor Magic

   Spells                             Type                      Level
   Magic Dart                         Conjuration                  1
   Blink                              Translocation                2
   Call Imp                           Summoning                    2
   *Repel Missiles                    Charms/Air                   2
   Slow                               Hexes                        2
   Conjure Flame                      Conjuration/Fire             3
   Mephitic Cloud                     Conjuration/Poison/Air       3
 r - a book of Dreams

   Spells                             Type                      Level
   Ensorcelled Hibernation            Hexes/Ice                    2
   Flight                             Charms/Air                   3
   Phase Shift                        Translocation                5
   Shadow Creatures                   Summoning                    5
   Mass Confusion                     Hexes                        6
   Darkness                           Hexes                        7


   Skills:
 + Level 8.2 Fighting
 + Level 7.6 Dodging
 + Level 12.9 Unarmed Combat
 * Level 0.1 Spellcasting
 * Level 0.3 Charms
 * Level 0.2 Air Magic


You had 8 spell levels left.
You knew the following spells:

 Your Spells              Type           Power        Failure   Level  Hunger
a - Repel Missiles        Chrm/Air       #.....       61%         2    ###....


Dungeon Overview and Level Annotations

Branches:
Dungeon (11/15)            Temple (0/1) D:4            Lair (0/8) D:8
    Orc: D:9-12

Altars:
Cheibriados
Gozag
Kikubaaqudgha
Makhleb
Qazlal
Sif Muna
Vehumet
Xom
Yredelemnul
The Shining One

Shops:
D:6 (   D:7 (   D:9 *

Annotations:
D:10 Josephine
D:11 exclusion: door


Innate Abilities, Weirdness & Mutations

You are too large for most types of armour.
You have claws for hands.
Your metabolism is lightning-fast.
You like to eat raw meat.
You heal very quickly.
You can eat rotten meat.
You are covered in fur (AC +1).
You have very tough skin (AC +2).
You have a pair of small horns on your head.
Your skin changes colour to match your surroundings (Stealth).
Your vision is a little blurry.
Your mind is acute. (Int +2)
Armour fits poorly on your strangely shaped body.
You are frail (-10% HP).


Message History

The seven-headed hydra closely misses you.
The yak gores you!
You barely miss the seven-headed hydra.
Your punch misses the seven-headed hydra.
The seven-headed hydra bites you. The seven-headed hydra bites you!
The seven-headed hydra bites you! x3
* * * LOW HITPOINT WARNING * * *
The seven-headed hydra bites you!
* * * LOW HITPOINT WARNING * * *
The seven-headed hydra closely misses you.
The yak barely misses you.
You claw one of the seven-headed hydra's heads off!
The six-headed hydra grows two more!
You mangle the eight-headed hydra!!
The eight-headed hydra begins to bleed from its wounds!
The eight-headed hydra is moderately wounded.
The eight-headed hydra bites you!
* * * LOW HITPOINT WARNING * * *
The eight-headed hydra bites you!
You die...
Xom thinks this is hilarious!

####.).## #.#
#######..### #+#
#..........#
#..........#
.......?...# ###
#..........# ...#
#..........# ....#
#..........#
#####!....'.
#.....>....###.D@YY....#
#..............###.....#
#..........##### ....#
#..........# ...#
############ ###


You could see an eight-headed hydra (bleeding) and 2 yaks.

Vanquished Creatures
  The ghost of RobertPalmer the Bludgeoner, a powerful OgCK of Xom (D:10)
  A hydra (D:11)
  A wizard (D:11)
  3 hill giants
  Pikel (D:5)
  2 trolls (D:10)
  A hydra skeleton (D:9)
  A two-headed ogre (D:10)
  A spriggan (D:8)
  A trapdoor spider (D:11)
  7 yaks (D:11)
  2 wyverns
  2 hippogriffs
  2 hill giant skeletons (D:9)
  A hungry ghost (D:11)
  A soldier ant (D:9)
  3 ice beasts
  A yellow wasp (D:11)
  An ogre (D:11)
  4 orc warriors
  A manticore skeleton (D:11)
  4 centaurs
  5 giant frogs
  A big kobold (D:11)
  Blork the orc (D:8)
  3 scorpions
  An eye of draining (D:10)
  2 quasits
  A yak skeleton (D:10)
  3 vampire bats (D:7)
  2 crimson imps
  A centaur zombie (D:6)
  4 jellies
  A cyclops simulacrum (D:10)
  A black bear zombie (D:5)
  3 hounds
  2 centaur skeletons
  Crazy Yiuf (D:5)
  A giant frog skeleton (D:7)
  2 gnoll shamans
  4 iguanas
  7 orc priests
  11 orc wizards
  6 worker ants
  Ijyb (D:3)
  A mottled dragon skeleton (D:11)
  A worker ant zombie (D:6)
  9 gnolls
  11 adders
  An orc zombie (D:10)
  A shadow imp (D:9)
  A giant mite (D:10)
  2 worms (D:2)
  An adder zombie (D:9)
  2 adder skeletons
  An iguana simulacrum (D:10)
  4 giant geckos
  3 oozes
  49 orcs
  15 bats
  A bat skeleton (D:7)
  4 bat zombies (D:7)
  6 giant cockroaches
  8 goblins
  12 hobgoblins
  5 jackals
  17 kobolds
  4 quokkas
  A giant gecko zombie (D:7)
  5 giant newts
  A hobgoblin skeleton (D:8)
  14 rats
  A butterfly (D:5)
287 creatures vanquished.

Vanquished Creatures (collateral kills)
  A goblin (D:6)
  A hobgoblin zombie (D:6)
2 creatures vanquished.

Vanquished Creatures (others)
  A dancing weapon (D:11)
1 creature vanquished.

Grand Total: 290 creatures vanquished

Notes
Turn   | Place    | Note
--------------------------------------------------------------
     0 | D:1      | MRaven, the Troll Chaos Knight, began the quest for the Orb.
     0 | D:1      | Reached XP level 1. HP: 22/22 MP: 1/1
   186 | D:1      | Reached XP level 2. HP: 29/29 MP: 1/1
   377 | D:1      | XOM: harmless Erth miscast
   500 | D:1      | XOM is BORED!
   500 | D:1      | XOM: silly message
  1170 | D:2      | Reached XP level 3. HP: 28/36 MP: 2/2
  1394 | D:2      | Reached skill level 4 in Unarmed Combat
  1435 | D:2      | XOM: 1-stop teleportation journey
  1513 | D:2      | Gained mutation: Your system is resistant to poisons. [potion of beneficial mutation]
  1545 | D:2      | Reached XP level 4. HP: 24/44 MP: 2/2
  1847 | D:2      | XOM: potion effect (berserk rage)
  1856 | D:2      | XOM: medium Ice miscast
  2139 | D:3      | Reached XP level 5. HP: 49/53 MP: 2/2
  2180 | D:3      | Found a snail-covered altar of Cheibriados.
  2353 | D:3      | Reached skill level 5 in Unarmed Combat
  2528 | D:3      | Noticed Ijyb
  2538 | D:3      | Killed Ijyb
  2718 | D:3      | XOM: harmless Summ miscast
  2725 | D:4      | XOM: mild Hex miscast
  2924 | D:4      | Found a staircase to the Ecumenical Temple.
  2947 | D:4      | XOM: destruction
  2978 | D:4      | Reached XP level 6. HP: 58/61 MP: 3/3
  3101 | D:4      | Gained mutation: You are frail (-10% HP). [potion of mutation]
  3101 | D:4      | Gained mutation: You are somewhat resistant to further mutation. [potion of mutation]
  3101 | D:4      | Gained mutation: Your flesh is heat resistant. [potion of mutation]
  3300 | D:5      | Entered Level 5 of the Dungeon
  3321 | D:5      | Found a burning altar of Makhleb.
  3463 | D:5      | XOM: potion effect (might)
  3467 | D:5      | Reached skill level 6 in Unarmed Combat
  3527 | D:5      | Noticed Crazy Yiuf
  3536 | D:5      | Killed Crazy Yiuf
  3813 | D:5      | XOM: harmless Divn miscast
  3814 | D:5      | Noticed Pikel
  3821 | D:5      | XOM: divination: magic mapping
  3824 | D:5      | XOM: divination: detect creatures
  3828 | D:5      | XOM: confuse monster(s)
  4015 | D:5      | XOM: divination: detect creatures
  4021 | D:5      | Killed Pikel
  4021 | D:5      | Reached skill level 7 in Unarmed Combat
  4021 | D:5      | Reached XP level 7. HP: 63/63 MP: 3/3
  4043 | D:5      | XOM: noise
  4089 | D:5      | XOM: mild Fire miscast
  4339 | D:6      | Reached XP level 8. HP: 65/71 MP: 3/3
  4486 | D:6      | XOM: summons 2 friendly demons
  4606 | D:6      | Reached skill level 8 in Unarmed Combat
  4688 | D:6      | XOM: colour smoke trail
  4749 | D:6      | Found Zazoanuo's Weapon Shoppe.
  5021 | D:7      | Found Yxiar's Weapon Emporium.
  5053 | D:7      | XOM: confuse monster(s)
  5108 | D:7      | Found a shimmering altar of Xom.
  5109 | D:7      | Found a shimmering altar of Xom.
  5112 | D:7      | Found a shimmering altar of Xom.
  5112 | D:7      | Found a shimmering altar of Xom.
  5113 | D:7      | Found a shimmering altar of Xom.
  5113 | D:7      | Found a shimmering altar of Xom.
  5113 | D:7      | Found a shimmering altar of Xom.
  5113 | D:7      | Found a shimmering altar of Xom.
  5113 | D:7      | Found a shimmering altar of Xom.
  5114 | D:7      | Found a shimmering altar of Xom.
  5114 | D:7      | Found a shimmering altar of Xom.
  5114 | D:7      | Noticed a jumping spider
  5115 | D:7      | Noticed an octopode
  5115 | D:7      | Found a shimmering altar of Xom.
  5116 | D:7      | Noticed a hill giant
  5121 | D:7      | XOM: potion effect (berserk rage)
  5123 | D:7      | XOM: blink monster(s)
  5127 | D:7      | Killed a hill giant
  5127 | D:7      | Reached skill level 5 in Fighting
  5127 | D:7      | Reached skill level 5 in Dodging
  5127 | D:7      | Reached skill level 9 in Unarmed Combat
  5141 | D:7      | Noticed a troll
  5141 | D:7      | an octopode changed into a troll
  5148 | D:7      | Noticed an octopode
  5148 | D:7      | a troll changed into an octopode
  5187 | D:7      | Noticed an orb spider
  5189 | D:7      | Reached XP level 9. HP: 73/79 MP: 4/4
  5264 | D:7      | Found an ancient bone altar of Kikubaaqudgha.
  5305 | D:7      | Noticed an orb spider
  5371 | D:7      | Found a basalt altar of Yredelemnul.
  5407 | D:7      | XOM: divination: detect creatures
  5481 | D:7      | Found a stormy altar of Qazlal.
  5563 | D:7      | XOM: cast spell 'Blink'
  5630 | D:8      | Found a staircase to the Lair.
  5630 | D:8      | Noticed Blork the orc
  5639 | D:8      | Killed Blork the orc
  5713 | D:8      | XOM: mild Pois miscast
  5774 | D:8      | XOM: scenery: 4 doors open, 1 doors close
  5776 | D:8      | XOM: confusion (+ monsters)
  5778 | D:8      | XOM: give mutations
  5778 | D:8      | Gained mutation: You are very frail (-20% HP). [Xom's mischief]
  5778 | D:8      | Lost mutation: You are somewhat resistant to further mutation. [Xom's mischief]
  5778 | D:8      | Gained mutation: Your mind is acute. (Int +2) [Xom's mischief]
  5823 | D:8      | XOM: silly message
  5833 | D:8      | Found a glowing golden altar of the Shining One.
  5896 | D:8      | XOM: god gift: runed hunting sling {god gift}
  6021 | D:8      | Found a deep blue altar of Sif Muna.
  6222 | D:8      | XOM: scenery: 1 doors open, 3 doors close
  6267 | D:8      | XOM: summons friendly white imp
  6271 | D:8      | XOM: scenery: 1 doors open, 1 doors close
  6284 | D:8      | Reached skill level 10 in Unarmed Combat
  6847 | D:9      | XOM is BORED!
  6847 | D:9      | XOM: give mutations
  6847 | D:9      | Lost mutation: Your mind is acute. (Int +2) [Xom's mischief]
  6847 | D:9      | Gained mutation: You are dopey. (Int -2) [Xom's mischief]
  6847 | D:9      | Gained mutation: Armour fits poorly on your strangely shaped body. [Xom's mischief]
  6858 | D:9      | Lost mutation: Your flesh is heat resistant. [potion of cure mutation]
  6858 | D:9      | Lost mutation: You are very frail (-20% HP). [potion of cure mutation]
  6858 | D:9      | Lost mutation: You are dopey. (Int -2) [potion of cure mutation]
  7111 | D:9      | Found a radiant altar of Vehumet.
  7476 | D:9      | Found Gozag's Nutrition Petition.
  7477 | D:9      | Found an opulent altar of Gozag.
  7805 | D:9      | Reached XP level 10. HP: 68/90 MP: 4/4
  7916 | D:10     | Entered Level 10 of the Dungeon
  7917 | D:10     | XOM: destruction
  7992 | D:10     | Noticed a hill giant
  7994 | D:10     | XOM: divination: magic mapping
  8002 | D:10     | Killed a hill giant
  8002 | D:10     | Reached skill level 11 in Unarmed Combat
  8442 | D:10     | Noticed RobertPalmer's ghost (powerful OgCK)
  8442 | D:10     | XOM: confuse monster(s)
  8444 | D:10     | XOM: swap monsters
  8447 | D:10     | XOM: divination: magic mapping
  8462 | D:10     | Killed RobertPalmer's ghost
  8555 | D:10     | XOM: god gift: runed steam dragon armour {god gift}
  8610 | D:10     | XOM: give mutations
  8610 | D:10     | Gained mutation: Your mind is acute. (Int +2) [Xom's grace]
  8610 | D:10     | Gained mutation: Your skin changes colour to match your surroundings (Stealth). [Xom's grace]
  8610 | D:10     | Gained mutation: Your muscles are strong. (Str +2) [Xom's grace]
  8610 | D:10     | Gained mutation: You have a pair of small horns on your head. [Xom's grace]
  8740 | D:10     | XOM: god gift: paperback book {god gift}
  8846 | D:10     | Noticed Josephine
  8855 | D:10     | Reached skill level 12 in Unarmed Combat
  8858 | D:10     | XOM: destruction
  9118 | D:10     | XOM: colour smoke trail
  9315 | D:10     | XOM: polymorph rat -> giant mite
  9337 | D:10     | Upgraded the game from 0.16-a0-623-g20b2139 to 0.16-a0-670-g3b10be2
  9350 | D:10     | XOM: harmless Conj miscast
  9355 | D:11     | XOM: give mutations
  9355 | D:11     | Gained mutation: Your vision is a little blurry. [Xom's mischief]
  9355 | D:11     | Lost mutation: Your system is resistant to poisons. [Xom's mischief]
  9355 | D:11     | Lost mutation: Your muscles are strong. (Str +2) [Xom's mischief]
  9360 | D:11     | Noticed a wizard
  9381 | D:11     | XOM: harmless Divn miscast
  9420 | D:11     | Noticed a seven-headed hydra
  9472 | D:11     | XOM: confuse monster(s)
  9477 | D:11     | XOM: noise
  9485 | D:11     | Reached XP level 11. HP: 99/99 MP: 4/4
  9493 | D:11     | XOM: potion effect (berserk rage)
  9603 | D:11     | Killed a wizard
  9695 | D:11     | Noticed a hill giant
  9705 | D:11     | Killed a hill giant
  9745 | D:11     | XOM: 1-stop teleportation journey
  9753 | D:11     | XOM: 1-stop teleportation journey
  9754 | D:11     | XOM: 1-stop teleportation journey
  9803 | D:11     | XOM: repel stairs
  9964 | D:11     | Noticed an eight-headed hydra
  9973 | D:11     | Killed a nine-headed hydra
 10050 | D:11     | XOM: colour smoke trail
 10189 | D:11     | Learned a level 2 spell: Repel Missiles
 10207 | D:11     | XOM: polymorph troll -> trapdoor spider
 10267 | D:11     | Slain by an eight-headed hydra

Action                   |  1- 3 |  4- 6 |  7- 9 | 10-12 || total
-------------------------+-------+-------+-------+-------++-------
Melee: Unarmed           |   102 |   205 |   300 |   224 ||   831
Evoke: Wand              |       |     1 |       |     5 ||     6
  Use: Scroll            |     4 |     9 |     8 |     3 ||    24
       Potion            |     1 |     5 |     4 |     2 ||    12
 Stab: Sleeping          |       |     1 |       |     1 ||     2
       Confused          |       |       |     1 |     4 ||     5
  Eat: Chunk             |    14 |    27 |    34 |    24 ||    99
       Pizza             |     1 |       |       |       ||     1
